Map: New Repugnancy LE

Players

Kas - Winner!

  • Race: Terran Terran
  • Spawn Location: 1:00

Namshar

  • Race: Zerg Zerg
  • Spawn Location: 7:00

Event: 2019 WCS Spring

VOD

Have the link to the VOD?

Description

Time

  • Played on: May 17, 2019, 9:53 a.m.
  • Length: 27:59

All games in this series

Show
View Real Time Build Order
Export as new Build Order

Kas Terran - Winner!

Build Orders: Gas First Reaper Expand, Hellion Banshee, Mech 

Get SALT Encoding   

  12  0:00  SCV  
  13  0:12  SCV  
  14  0:17  Supply Depot  
  14  0:24  SCV  
  15  0:29  Refinery  
  15  0:38  SCV  
  16  0:44  Barracks  
  16  0:50  SCV  
  17  1:02  SCV  
  18  1:15  SCV  
  19  1:31  Reaper, Orbital Command  
  20  1:43  Command Center  
  20  1:54  Factory  
  20  1:58  SCV  
  21  2:07  Barracks Reactor  
  21  2:11  SCV  
  21  2:15  Refinery  
  22  2:20  Supply Depot  
  22  2:23  SCV  
  23  2:41  SCV  
  24  2:46  Starport  
  24  2:49  Hellion x2  
  28  2:53  SCV  
  28  2:56  Orbital Command  
  29  3:05  SCV  
  29  3:12  Hellion x2  
  34  3:20  SCV  
  34  3:21  SCV  
  34  3:24  Viking  
  38  3:32  SCV  
  39  3:35  Hellion  
  39  3:37  SCV, Hellion  
  44  3:46  Supply Depot  
  44  3:47  SCV  
  45  3:49  SCV  
  46  4:07  SCV x2, Medivac  
  50  4:10  Supply Depot  
  50  4:14  Command Center  
  50  4:18  Barracks Tech Lab  
  50  4:19  SCV x2  
  52  4:29  Hellion  
  54  4:32  SCV x2, Hellion  
  54  4:35  Supply Depot  
  54  4:36  Supply Depot  
  58  4:44  SCV x2  
  60  4:50  Cloaking Field  
  60  4:56  SCV  
  60  4:57  Banshee  
  64  5:00  SCV  
  64  5:05  Refinery x2  
  65  5:08  SCV  
  65  5:10  Factory  
  65  5:11  Factory  
  65  5:12  SCV, Hellion x2  
  71  5:20  SCV  
  72  5:25  SCV x2  
  74  5:34  SCV  
  74  5:35  Hellion x2  
  75  5:56  Hellion  
  75  5:57  Banshee, Factory Tech Lab x2  
  73  6:02  SCV x2  
  75  6:06  Command Center  
  75  6:10  Hellion  
  77  6:14  SCV  
  77  6:17  SCV  
  79  6:19  Factory  
  79  6:20  Factory, Supply Depot  
  79  6:22  Hellion, Refinery  
  79  6:23  Siege Tank x2  
  87  6:26  SCV, Orbital Command  
  87  6:27  Refinery  
  87  6:29  SCV  
  89  6:37  Hellion  
  91  6:41  SCV x2  
  91  6:46  Armory  
  93  6:52  Infernal Pre-Igniter, SCV  
  93  6:53  Mag-Field Accelerator  
  94  6:55  SCV x2  
  94  6:58  Supply Depot  
  94  6:59  Supply Depot  
  94  7:01  Supply Depot  
  96  7:03  Supply Depot  
  98  7:08  Hellion, Factory Tech Lab  
  98  7:09  Hellion, Factory Reactor  
  98  7:24  SCV x2  
  98  7:28  SCV, Cyclone x2  
  98  7:29  Cyclone  
  109  7:31  Engineering Bay  
  109  7:36  Supply Depot  
  104  7:39  SCV x2  
  106  7:51  Hellion x4  
  114  7:53  Supply Depot  
  114  7:54  SCV x2, Supply Depot  
  114  7:55  SCV  
  118  7:59  Planetary Fortress  
  118  8:00  Cyclone  
  120  8:06  SCV, Cyclone x2  
  120  8:12  SCV  
  125  8:18  Hellion x3  
  121  8:30  Factory  
  121  8:31  Factory  
  121  8:32  Cyclone  
  124  8:35  SCV x2, Factory  
  124  8:36  SCV x2  
  124  8:38  Cyclone x2, Barracks Reactor  
  142  8:41  Widow Mine x4  
  142  8:44  Drilling Claws  
  142  8:58  SCV x4  
  142  9:00  Refinery  
  142  9:01  Terran Vehicle And Ship Armor Level 1, Refinery  
  142  9:02  Armory, Hellion  
  148  9:04  Supply Depot  
  148  9:05  Cyclone  
  151  9:10  SCV x3, Cyclone  
  157  9:18  Cyclone  
  157  9:19  Factory Tech Lab x2  
  160  9:37  Cyclone x2  
  160  9:38  Cyclone  
  165  9:41  SCV  
  165  9:42  Cyclone  
  169  9:48  Command Center  
  169  9:51  Cyclone  
  172  9:55  Starport  
  172  9:57  Fusion Core  
  172  10:05  Hellion x3, Starport Reactor  
  172  10:06  Terran Vehicle Weapons Level 1  
  178  10:09  Supply Depot  
  178  10:10  Supply Depot  
  178  10:11  Supply Depot  
  178  10:27  Starport  
  178  10:28  Missile Turret  
  178  10:30  Missile Turret, Liberator  
  178  10:31  SCV, Cyclone x3  
  178  10:32  Cyclone x2  
  194  10:46  Advanced Ballistics  
  194  10:49  Command Center  
  197  10:51  Command Center  
  177  11:07  Cyclone x2  
  177  11:09  Cyclone x3  
  186  11:14  Starport Reactor  
  137  11:37  Hellion x2  
  137  11:39  Cyclone x2  
  146  11:41  Cyclone x3  
  146  11:45  Terran Vehicle And Ship Armor Level 2  
  155  11:48  Hellion x3  
  155  11:50  Hellion  
  163  11:54  Sensor Tower  
  163  12:00  Hellion x2  
  167  12:05  SCV x2  
  169  12:08  Planetary Fortress  
  169  12:10  Barracks  
  169  12:11  Cyclone x2  
  169  12:12  SCV  
  169  12:13  Cyclone x2  
  169  12:14  SCV x2, Command Center  
  184  12:22  Refinery  
  184  12:23  Refinery  
  184  12:24  SCV  
  184  12:26  Cyclone  
  184  12:27  Hellion  
  190  12:37  SCV  
  191  12:43  Cyclone x2  
  197  12:48  Cyclone x2  
  200  12:53  Command Center x2  
  198  13:15  Orbital Command  
  198  13:21  Liberator x3  
  198  13:22  Liberator  
  183  13:37  Cyclone x2  
  196  13:41  Cyclone x2  
  196  13:45  Orbital Command  
  199  13:49  Command Center  
  199  13:51  Command Center  
  199  13:54  Starport x2  
  199  14:05  Liberator x3  
  199  14:06  Orbital Command  
  196  14:13  Cyclone  
  196  14:14  Cyclone  
  199  14:29  Terran Ship Weapons Level 1  
  199  14:30  Terran Vehicle And Ship Armor Level 3  
  199  14:32  Refinery  
  199  14:34  Refinery  
  198  15:17  Planetary Fortress  
  196  15:28  Command Center  
  196  15:32  Orbital Command  
  196  15:36  Command Center  
  191  15:52  Cyclone  
  187  16:18  Hellion x2, Cyclone x2  
  196  16:19  Hellion x2  
  193  16:31  Thor x2  
  191  16:40  Planetary Fortress  
  191  16:41  Refinery  
  191  16:46  Command Center  
  191  16:52  Orbital Command  
  191  16:56  Thor x2  
  195  17:28  Liberator  
  195  17:31  Command Center  
  176  17:38  Thor x4  
  186  17:51  Command Center  
  186  17:52  Command Center  
  185  18:07  Cyclone  
  161  18:20  Viking x3  
  161  18:21  Viking, Thor x2  
  161  18:22  Thor  
  161  18:23  Thor  
  161  18:24  Viking x2  
  192  18:30  Smart Servos  
  192  18:32  Viking  
  189  18:39  Thor  
  189  18:41  Hellion x4  
  191  18:47  Factory Reactor  
  191  18:50  Viking  
  193  19:02  Hellion x2  
  191  19:03  Terran Ship Weapons Level 2, Terran Vehicle Weapons Level 2  
  191  19:04  Thor  
  191  19:06  Orbital Command  
  192  19:19  Liberator  
  192  19:23  Viking  
  192  19:24  Viking  
  196  19:28  Refinery  
  196  19:29  Command Center  
  196  19:32  Sensor Tower  
  196  19:37  Starport Reactor  
  199  19:43  Starport Reactor  
  199  20:09  Orbital Command  
  199  20:11  Refinery  
  199  20:14  Command Center  
  199  20:28  Liberator x9  
  188  20:38  Thor  
  140  20:49  Hellion  
  143  20:54  Thor x4  
  143  20:56  Hellion  
  143  20:57  Hellion x3  
  133  20:59  Planetary Fortress  
  133  21:05  Hellion  
  133  21:10  Liberator  
  133  21:11  Hellion, Liberator x8  
  137  21:18  Hellion x4  
  145  21:21  Thor, Orbital Command  
  151  21:28  Hellion  
  151  21:32  Hellion  
  179  21:37  Thor x2, Terran Vehicle Weapons Level 3, Terran Ship Weapons Level 3  
  191  21:45  Hellion x4  
  199  21:52  Hellion x11  
  196  22:32  Hellion x2  
  196  22:35  Command Center  
  178  23:02  Viking x2  
  160  23:08  Thor x2  
  160  23:10  Viking x7  
  160  23:12  Thor  
  171  23:23  Hellion x7  
  171  23:32  Viking x2  
  163  23:38  Thor  
  163  23:40  Viking x7, Hellion x4  
  158  23:42  Hellion  
  158  23:47  Hellion x2  
  154  23:51  Hellion  
  154  23:52  Hellion  
  146  24:02  Viking x2  
  142  24:08  Hellion x3  
  142  24:09  Hellion x2  
  138  24:10  Viking x5  
  141  24:23  Viking x2, Thor  
  151  24:35  Hellion  
  151  24:37  Planetary Fortress  
  153  24:38  Liberator  
  153  24:39  Liberator  
  153  24:46  Viking  
  153  24:47  Planetary Fortress, Liberator x2  
  161  25:03  Liberator x2  
  167  25:17  Thor  
  167  25:18  Thor x3  
  193  25:40  Thor  
  165  26:00  Thor x2  
  114  26:11  Hellion x2  
  114  26:15  Thor  
  115  26:19  Hellion  
  115  26:22  Hellion x4  
  115  26:24  Hellion  
  124  26:32  Hellion  
  124  26:33  Hellion  
  124  26:40  Hellion  
  124  26:43  Hellion x4  
  124  26:44  Hellion x2  
  124  26:45  Hellion  
  142  26:54  Hellion x2  
  142  26:58  Thor  
  148  27:02  Hellion  
  148  27:04  Hellion  
  148  27:05  Hellion  
  148  27:06  Hellion  
  156  27:10  Orbital Command  
  156  27:14  Viking  
Show
View Real Time Build Order
Export as new Build Order

Namshar Zerg 

Build Orders: Hatch First, Brood Lord Corruptor 

Get SALT Encoding   

  12  0:00  Drone  
  13  0:12  Overlord  
  13  0:17  Drone  
  14  0:30  Drone  
  14  0:31  Drone  
  16  0:47  Hatchery  
  15  0:51  Drone  
  15  0:55  Drone  
  17  0:58  Drone  
  18  1:08  Extractor  
  17  1:14  Spawning Pool  
  17  1:16  Drone  
  17  1:20  Drone  
  18  1:28  Drone  
  19  1:38  Drone  
  20  1:49  Drone  
  21  2:01  Queen x2  
  21  2:02  Zergling x4  
  27  2:15  Hatchery  
  26  2:18  Drone  
  26  2:20  Drone  
  28  2:25  Overlord  
  28  2:30  Metabolic Boost  
  28  2:38  Spore Crawler  
  28  2:42  Queen  
  29  2:45  Drone  
  29  2:49  Drone x2  
  33  2:59  Overlord, Drone  
  33  3:03  Overlord  
  33  3:04  Drone  
  35  3:16  Drone  
  35  3:17  Drone x4  
  35  3:18  Drone  
  41  3:22  Queen  
  43  3:29  Queen  
  45  3:38  Queen  
  45  3:40  Drone x2  
  49  3:42  Drone  
  49  3:43  Drone  
  49  3:47  Drone  
  52  3:50  Drone  
  52  3:51  Drone  
  52  3:52  Overlord  
  54  3:56  Overlord  
  54  3:58  Zergling x4  
  54  4:02  Zergling x4  
  58  4:10  Overlord x2  
  58  4:11  Zergling x2  
  58  4:12  Zergling x2  
  58  4:15  Queen  
  62  4:19  Baneling Nest  
  62  4:22  Queen  
  63  4:25  Drone  
  65  4:31  Zergling x2  
  65  4:33  Drone x2  
  65  4:34  Drone x4  
  71  4:42  Zergling x2  
  71  4:43  Drone x5  
  77  4:46  Drone  
  77  4:47  Drone x2  
  77  4:51  Overlord  
  77  4:52  Overlord  
  80  4:58  Extractor  
  80  4:59  Lair, Extractor  
  78  5:05  Baneling x2  
  78  5:08  Drone x4  
  78  5:12  Overlord  
  82  5:17  Drone x4  
  86  5:24  Evolution Chamber  
  86  5:27  Spore Crawler, Evolution Chamber  
  83  5:28  Spore Crawler  
  83  5:30  Spore Crawler, Drone x7  
  83  5:34  Zergling x4  
  84  5:45  Drone x6  
  84  5:46  Drone  
  88  5:56  Drone x3  
  88  5:58  Zerg Melee Weapons Level 1, Zerg Ground Armor Level 1  
  88  6:02  Zergling x6  
  89  6:05  Drone x3  
  92  6:17  Hatchery  
  92  6:18  Centrifical Hooks  
  91  6:20  Overlord  
  91  6:22  Extractor  
  89  6:25  Extractor  
  89  6:28  Drone x3  
  89  6:30  Extractor  
  90  6:35  Drone x3  
  90  6:38  Drone x2  
  90  6:39  Hydralisk Den  
  94  6:41  Zergling x14  
  94  6:42  Zergling x2  
  94  6:43  Overseer  
  94  6:44  Infestation Pit  
  101  6:48  Zergling x4  
  102  7:05  Baneling x2  
  102  7:06  Baneling  
  102  7:07  Baneling x2  
  102  7:09  Spore Crawler, Pneumatized Carapace  
  102  7:12  Muscular Augments  
  100  7:16  Baneling x2  
  100  7:21  Zergling x2  
  100  7:22  Zergling x4  
  97  7:25  Drone x8  
  97  7:26  Drone x3  
  107  7:31  Hive  
  107  7:35  Hydralisk x5  
  117  7:38  Queen, Drone  
  120  7:49  Spore Crawler  
  120  7:51  Extractor x2  
  118  7:52  Hydralisk  
  118  7:54  Overlord x3, Zerg Melee Weapons Level 2  
  118  7:55  Zerg Missile Weapons Level 1  
  119  8:19  Hatchery  
  118  8:24  Hydralisk x2  
  118  8:25  Hydralisk x9  
  135  8:27  Overlord  
  135  8:28  Overlord x2  
  132  8:41  Overlord  
  132  8:43  Drone x2  
  132  8:44  Drone x4  
  132  8:46  Hydralisk x5, Drone x2  
  150  8:51  Baneling x2  
  150  8:52  Baneling  
  150  8:56  Hydralisk x4  
  158  9:03  Drone  
  158  9:05  Spire  
  158  9:10  Overlord x2  
  158  9:11  Extractor x2  
  158  9:12  Viper  
  159  9:19  Viper  
  162  9:25  Hydralisk  
  162  9:26  Zergling x20  
  164  9:39  Drone x5  
  164  9:40  Overlord, Drone  
  164  9:41  Overlord, Viper  
  164  9:42  Viper  
  175  9:50  Baneling x3  
  173  9:56  Baneling  
  173  9:57  Baneling  
  173  9:58  Hydralisk x2, Zergling x2  
  173  9:59  Zergling x18  
  187  10:02  Zerg Missile Weapons Level 2  
  187  10:19  Greater Spire  
  187  10:22  Hydralisk x4, Baneling x3  
  195  10:30  Baneling x2  
  195  10:33  Spore Crawler  
  195  10:34  Drone x2, Spine Crawler  
  195  10:36  Spine Crawler  
  195  10:42  Viper  
  197  10:44  Zerg Melee Weapons Level 3  
  197  10:48  Hatchery  
  196  10:54  Hydralisk  
  196  10:55  Zergling x2  
  180  11:15  Hydralisk x2  
  180  11:16  Zergling x24  
  188  11:32  Hydralisk x13  
  168  11:39  Zerg Flyer Weapons Level 1  
  196  11:47  Viper x2  
  191  11:48  Overlord x2  
  191  11:53  Spine Crawler  
  196  11:57  Queen x2  
  196  11:59  Queen  
  198  12:01  Baneling x9  
  198  12:13  Spire  
  197  12:17  Zerg Ground Armor Level 2  
  197  12:22  Zergling x4  
  195  12:30  Corruptor x2  
  199  12:56  Queen x2  
  194  13:03  Overseer  
  194  13:06  Overseer x2  
  192  13:21  Zerg Missile Weapons Level 3  
  192  13:24  Corruptor x4  
  182  13:47  Brood Lord x2  
  186  13:49  Zerg Flyer Armor Level 1, Zerg Flyer Weapons Level 2  
  186  13:53  Spore Crawler  
  186  13:54  Spine Crawler  
  184  13:55  Spine Crawler  
  184  13:56  Brood Lord  
  184  13:57  Brood Lord  
  187  14:05  Queen  
  187  14:14  Overseer x2  
  187  14:15  Corruptor x2  
  187  14:16  Corruptor x2  
  191  14:17  Brood Lord x2  
  195  14:24  Drone  
  195  14:25  Drone x2, Spine Crawler  
  195  14:26  Spine Crawler  
  195  14:27  Spine Crawler  
  195  14:35  Zergling x8  
  195  15:18  Drone  
  195  15:19  Drone x2  
  195  15:22  Brood Lord x2  
  199  15:42  Spore Crawler  
  196  15:50  Brood Lord  
  189  16:01  Brood Lord  
  189  16:03  Zerg Flyer Armor Level 2  
  189  16:04  Zerg Ground Armor Level 3  
  181  16:13  Zerg Flyer Weapons Level 3  
  181  16:16  Corruptor x9  
  182  16:37  Hydralisk x5  
  188  16:44  Viper x2  
  194  16:54  Drone x2  
  194  16:55  Spine Crawler  
  194  16:56  Spine Crawler  
  194  17:05  Spore Crawler x2  
  194  17:06  Spore Crawler  
  194  17:07  Spore Crawler  
  190  17:09  Zergling x16  
  190  17:10  Zergling x4  
  196  17:22  Hatchery  
  195  17:23  Extractor  
  195  17:25  Extractor  
  195  17:27  Overlord x2  
  166  17:39  Corruptor x4  
  166  17:41  Hydralisk x2  
  156  17:46  Baneling  
  156  17:47  Baneling x4, Viper x2  
  156  17:48  Viper x4  
  156  17:50  Corruptor x4  
  182  17:53  Brood Lord x2  
  186  18:03  Zergling x28  
  194  18:18  Hatchery  
  186  18:22  Hydralisk x2, Zergling x2  
  186  18:24  Overlord x3  
  189  18:31  Hydralisk x3  
  173  18:49  Queen x3  
  173  18:50  Queen  
  173  18:53  Hydralisk x6  
  173  18:54  Hydralisk x2, Zergling x2  
  173  18:55  Zergling x2  
  199  18:56  Zerg Flyer Armor Level 3  
  199  19:09  Baneling x2  
  198  19:10  Zergling x6  
  198  19:14  Hatchery  
  199  19:17  Extractor  
  199  19:19  Drone x2  
  199  19:21  Baneling x2  
  200  19:24  Overseer  
  200  19:25  Overseer x3  
  200  19:32  Burrow  
  200  19:42  Overlord  
  198  20:09  Hatchery  
  198  20:13  Hatchery  
  178  20:41  Corruptor x4  
  167  20:44  Hydralisk  
  167  20:45  Hydralisk x2  
  167  20:47  Brood Lord x4  
  167  20:49  Queen x2  
  165  20:50  Corruptor  
  165  20:51  Corruptor  
  165  21:01  Drone x2  
  167  21:20  Brood Lord  
  167  21:21  Brood Lord x4  
  176  21:45  Drone  
  176  21:46  Drone x2  
  179  21:47  Corruptor  
  179  21:48  Corruptor x3  
  179  21:50  Viper  
  179  21:51  Viper  
  191  21:55  Extractor  
  191  21:58  Extractor  
  189  22:17  Spore Crawler  
  189  22:18  Spore Crawler x2  
  181  22:25  Corruptor x3  
  181  22:27  Corruptor x3, Brood Lord x2  
  181  22:28  Corruptor  
  199  22:37  Overseer  
  199  22:42  Hatchery  
  198  22:49  Corruptor  
  184  23:17  Hydralisk x3  
  184  23:18  Hydralisk x2  
  194  23:21  Hydralisk x4  
  193  23:43  Hydralisk x4  
  193  23:45  Drone x17  
  195  23:53  Hydralisk  
  195  23:54  Hydralisk x3  
  195  24:01  Hatchery  
  186  24:07  Hatchery  
  185  24:16  Drone x3  
  185  24:17  Drone  
  181  24:30  Brood Lord  
  181  24:31  Brood Lord  
  181  24:35  Hydralisk x2  
  181  24:36  Hydralisk, Zergling x4  
  189  24:40  Corruptor x2  
  193  24:49  Spine Crawler x2  
  193  24:50  Spine Crawler  
  193  24:51  Spine Crawler  
  189  24:53  Roach Warren  
  189  24:54  Drone x2  
  189  24:55  Drone x2  
  192  25:07  Drone x4  
  196  25:15  Baneling x4, Zergling x4  
  196  25:16  Zergling x4  
  177  25:59  Queen  
  177  26:02  Corruptor x4  
  143  26:09  Corruptor x4  
  124  26:12  Corruptor x2  
  124  26:13  Corruptor  
  124  26:16  Viper x3  
  135  26:23  Queen x3  
  135  26:24  Hydralisk  
  135  26:25  Zergling x24  
  149  26:34  Queen x2  
  149  26:35  Queen x2  
  149  26:38  Drone x3  
  158  26:44  Queen  
  158  26:52  Hydralisk x4  
  166  26:55  Extractor  
  166  26:56  Baneling x4  
  165  27:02  Drone x2  
  165  27:03  Drone  
  165  27:05  Queen  
  170  27:10  Queen  
  174  27:18  Baneling x2  
  174  27:26  Hydralisk  
  174  27:27  Zergling x12  
  155  27:37  Zergling x22  
Tags
 
Add a new tag
Caveats
  • Supply blocks, unpowered buildings, or Contaminate may cause inaccurate times.
  • Supply counts are checked every 10 seconds.